Map: Efflorescence LE

Players

Subwaymaker - Winner!

  • Race: Protoss Protoss
  • League: Gold
  • Spawn Location: 6:00

Mesrob - Winner!

  • Race: Terran Terran
  • Spawn Location: 9:00

Champs

  • Race: Terran Terran
  • Spawn Location: 12:00

MaxP

  • Race: Terran Terran
  • League: Silver
  • Spawn Location: 3:00

VOD

Have the link to the VOD?

Description

Time

  • Played on: Oct. 4, 2019, 10:47 p.m.
  • Length: 9:05
Show
View Real Time Build Order
Export as new Build Order

Subwaymaker Protoss - Winner!

Build Orders:  

Get SALT Encoding   

  12  0:01  Probe  
  13  0:13  Probe  
  14  0:19  Pylon  
  14  0:25  Probe  
  15  0:37  Probe (Chrono Boost)  
  15  0:42  Gateway  
  17  0:50  Probe (Chrono Boost)  
  17  0:53  Assimilator  
  17  0:58  Probe (Chrono Boost)  
  18  1:08  Probe  
  19  1:16  Pylon  
  19  1:20  Probe  
  19  1:25  Gateway  
  20  1:30  Cybernetics Core  
  20  1:35  Assimilator  
  20  1:38  Probe (Chrono Boost)  
  21  1:50  Probe (Chrono Boost)  
  22  1:55  Probe (Chrono Boost)  
  22  2:04  Probe  
  23  2:12  Adept x2  
  23  2:14  Warp Gate  
  27  2:18  Probe  
  28  2:31  Pylon  
  28  2:42  Nexus  
  28  2:50  Sentry  
  28  2:51  Sentry  
  32  2:52  Probe (Chrono Boost)  
  33  3:04  Probe (Chrono Boost)  
  34  3:14  Probe (Chrono Boost)  
  34  3:15  Stargate  
  35  3:26  Probe (Chrono Boost)  
  37  3:34  Probe (Chrono Boost)  
  37  3:40  Assimilator  
  37  3:41  Probe  
  38  3:53  Probe (Chrono Boost)  
  39  4:02  Probe (Chrono Boost)  
  41  4:10  Gateway  
  41  4:11  Probe (Chrono Boost)  
  41  4:12  Probe (Chrono Boost)  
  41  4:13  Gateway  
  41  4:15  Oracle  
  45  4:17  Probe x2 (Chrono Boost)  
  45  4:20  Stargate  
  47  4:29  Probe (Chrono Boost)  
  49  4:35  Probe (Chrono Boost)  
  49  4:43  Probe (Chrono Boost)  
  50  4:46  Pylon  
  50  4:51  Stalker  
  50  4:52  Stalker  
  54  4:53  Assimilator  
  54  5:04  Oracle  
  57  5:08  Pylon  
  57  5:13  Twilight Council  
  57  5:15  Forge  
  57  5:18  Forge  
  57  5:20  Probe  
  57  5:21  Probe  
  59  5:28  Zealot x2  
  61  5:32  Probe  
  61  5:33  Probe  
  65  5:40  Oracle  
  68  5:44  Adept  
  70  5:54  Protoss Shields Level 1  
  70  6:00  Pylon  
  70  6:02  Protoss Ground Weapons Level 1  
  70  6:04  Pylon  
  70  6:08  Charge  
  70  6:18  Pylon, Oracle  
  70  6:21  Pylon  
  73  6:30  Zealot  
  73  6:31  Zealot x3  
  81  6:34  Probe x2  
  83  6:46  Probe x2  
  76  7:09  Stalker x4, Oracle x2 (Chrono Boost)  
  90  7:22  Templar Archives  
  90  7:27  Gateway  
  90  7:29  Gateway  
  90  7:32  Pylon  
  90  7:34  Sentry x2  
  90  7:35  Pylon  
  94  7:37  Zealot x2  
  98  7:48  Nexus  
  98  7:51  Pylon  
  98  7:55  Assimilator  
  98  8:04  High Templar  
  98  8:05  High Templar  
  102  8:19  High Templar  
  100  8:40  High Templar  
  100  8:41  High Templar  
  104  8:50  Gateway  
  104  8:52  Gateway  
  104  8:53  Gateway  
  104  8:55  Gateway  
  100  8:57  Gateway  
  100  9:02  Pylon  
Show
View Real Time Build Order
Export as new Build Order

Mesrob Terran - Winner!

Build Orders: Liberator Opening, Reaper Expand 

Get SALT Encoding   

  12  0:00  SCV  
  13  0:13  SCV  
  14  0:18  Supply Depot  
  14  0:26  SCV  
  15  0:37  Refinery  
  15  0:40  SCV  
  16  0:46  Barracks  
  16  0:53  SCV  
  17  1:05  SCV  
  18  1:17  SCV  
  19  1:35  Reaper  
  19  1:36  Orbital Command  
  20  1:47  Command Center  
  20  1:54  Refinery  
  20  2:06  Factory  
  20  2:20  Supply Depot, SCV  
  21  2:34  Barracks Reactor  
  21  2:37  SCV  
  22  2:53  Starport  
  22  2:55  Factory Tech Lab  
  22  2:57  SCV  
  23  3:06  Orbital Command  
  23  3:09  SCV  
  23  3:11  Marine x2  
  26  3:18  Siege Tank  
  29  3:21  SCV  
  29  3:24  Liberator  
  30  3:32  Refinery, SCV  
  30  3:33  SCV  
  32  3:43  Marine  
  32  3:44  Marine  
  37  4:01  Marine  
  38  4:05  Marine  
  38  4:07  Siege Tank  
  42  4:13  Liberator  
  42  4:19  Marine  
  46  4:39  Supply Depot  
  46  4:55  Command Center  
  46  4:57  Refinery  
  46  5:01  Marine x2, Siege Tank, SCV  
  52  5:18  SCV  
  52  5:19  Marine  
  54  5:31  SCV  
  54  5:49  Liberator  
  54  6:06  Marine x2, SCV x2  
  61  6:12  Supply Depot  
  61  6:19  SCV x2  
  61  6:24  Marine x2  
  65  6:32  Liberator  
  65  6:35  Supply Depot  
  65  6:36  SCV  
  63  6:48  SCV  
  63  6:49  Siege Tank  
  63  6:53  Marine x2  
  72  6:57  Supply Depot  
  72  7:00  SCV x2  
  74  7:10  Orbital Command  
  74  7:11  Marine  
  74  7:12  SCV  
  74  7:15  Liberator  
  76  7:19  Supply Depot  
  76  7:21  Siege Tank  
  79  7:23  Marine  
  79  7:29  Marine  
  84  7:40  Marine  
  84  7:42  Supply Depot  
  85  7:46  Marine  
  85  7:49  Engineering Bay  
  86  7:58  Marine  
  86  8:00  Command Center  
  86  8:04  Marine, Supply Depot  
  87  8:28  Supply Depot  
  87  8:50  Supply Depot  
Show
View Real Time Build Order
Export as new Build Order

Champs Terran 

Build Orders:  

Get SALT Encoding   

  12  0:02  SCV  
  13  0:14  SCV  
  14  0:26  SCV  
  15  0:28  Supply Depot  
  15  0:50  SCV  
  15  0:54  Supply Depot, Barracks  
  16  1:02  SCV  
  17  1:27  Refinery  
  17  1:28  SCV  
  17  1:29  Refinery  
  18  1:47  Marine  
  18  1:48  Supply Depot  
  19  1:57  Orbital Command  
  19  2:05  Marine  
  20  2:13  Supply Depot  
  20  2:23  Marine  
  21  2:34  Command Center  
  21  2:43  Reaper  
  22  2:55  Factory  
  22  3:05  SCV  
  23  3:17  SCV  
  24  3:22  Engineering Bay  
  24  3:29  SCV  
  25  3:38  Marine  
  26  3:51  SCV x2  
  28  3:56  Marine  
  29  4:13  SCV x2  
  31  4:23  Refinery  
  30  4:25  SCV x2  
  30  4:26  Refinery  
  30  4:27  Marine  
  33  4:32  Factory Tech Lab  
  33  4:37  SCV  
  34  4:41  Starport  
  34  4:42  Starport  
  34  4:45  Starport, Marine, Orbital Command  
  34  4:46  Starport  
  35  4:55  Siege Tank  
  38  5:12  Missile Turret  
  38  5:29  Siege Tank  
  38  5:32  Marine  
  42  5:38  SCV x2  
  42  5:42  Starport Tech Lab x4  
  44  5:49  Marine  
  44  5:50  SCV  
  43  6:01  Missile Turret  
  42  6:08  Viking  
  42  6:09  Viking x2  
  45  6:16  Missile Turret  
  45  6:56  Fusion Core, SCV x2  
  47  7:15  SCV x2, Armory  
  49  7:17  Armory  
  49  7:45  Battlecruiser  
  55  7:55  SCV x2  
  57  8:08  Command Center  
  57  8:14  Refinery  
  57  8:26  Refinery  
  56  8:28  Missile Turret  
Show
View Real Time Build Order
Export as new Build Order

MaxP Terran 

Build Orders:  

Get SALT Encoding   

  12  0:06  SCV  
  13  0:14  Refinery  
  13  0:19  SCV  
  14  0:30  Supply Depot  
  14  0:40  SCV  
  15  0:50  Supply Depot  
  15  0:52  SCV  
  16  1:00  Refinery  
  16  1:04  SCV  
  17  1:11  Supply Depot  
  18  1:18  SCV  
  18  1:35  Supply Depot  
  18  1:50  Barracks  
  18  1:53  SCV  
  19  2:17  Engineering Bay  
  19  2:18  SCV  
  20  2:32  SCV  
  21  3:02  Command Center  
  21  3:13  Marine  
  22  3:23  Factory  
  22  3:30  Missile Turret  
  22  3:31  Marine  
  22  3:32  SCV  
  24  4:03  Refinery  
  24  4:05  Refinery, Orbital Command  
  24  4:09  Factory Tech Lab  
  24  4:19  Orbital Command  
  24  4:56  SCV x2  
  26  5:02  Siege Tank  
  29  5:08  SCV  
  30  5:27  Marine  
  31  5:34  Hellion  
  33  5:45  Marine  
  33  5:46  SCV x2  
  36  5:55  Starport  
  36  5:57  Starport  
  36  6:00  Armory  
  36  6:03  Marine  
  36  6:04  Armory  
  37  6:05  Siege Tank  
  40  6:20  SCV x2  
  40  6:21  Marine  
  43  6:31  Missile Turret  
  43  6:40  Missile Turret  
  38  7:25  Starport Tech Lab  
  38  7:31  Cyclone  
  38  7:37  SCV x2  
  43  7:39  Starport Tech Lab  
  43  7:46  Command Center  
  43  7:50  Starport  
  43  7:55  Starport, Supply Depot  
  43  8:17  Supply Depot  
  43  8:21  SCV x2  
  43  8:25  Siege Tank  
  48  8:29  Starport Tech Lab  
  54  8:40  Supply Depot  
Tags
 
Add a new tag
Caveats
  • Supply blocks, unpowered buildings, or Contaminate may cause inaccurate times.
  • Supply counts are checked every 10 seconds.